 Dungeon Crawl Stone Soup version 0.31.0-11-ge490571c62 (webtiles) character file.

Game seed: 9248887752465817782

62 Minsecho the Apothecary (level 4, -1/27 HPs)
             Began as an Octopode Alchemist on Feb 11, 2024.
             Slain by a gnoll
             ... wielding a +0 spear
              (8 damage)
             ... on level 2 of the Dungeon.
             The game lasted 00:02:07 (1243 turns).

Minsecho the Apothecary (Octopode Alchemist)        Turns: 1243, Time: 00:02:08

Health: -1/27      AC:  1    Str:  7    XL:     4   Next: 8%
Magic:  5/7        EV: 13    Int: 17    God:
Gold:   47         SH:  0    Dex: 14    Spells: 1/7 levels left

rFire   . . .        f - +0 war axe
rCold   . . .        (no shield)
rNeg    . . .        (helmet restricted)
rPois   .            (no amulet)
rElec   .            (no ring)
rCorr   .            (no ring)
SInv    .            (no ring)
Will    .....        (no ring)
Stlth   +++          (no ring)
HPRegen 0.24/turn    (no ring)
MPRegen 0.10/turn    (no ring)
                     (no ring)

%: no passive effects
@: no status effects
A: almost no armour, amphibious, 8 rings, camouflage 1, gelatinous body 1,
(nimble swimmer 1), tentacles
a: no special abilities


You were on level 2 of the Dungeon.
You visited 1 branch of the dungeon, and saw 2 of its levels.

You collected 47 gold pieces.

Inventory:

Hand Weapons
 f - a +0 war axe (weapon)
Scrolls
 b - a scroll of enchant weapon {unknown}
 d - a scroll of poison {unknown}
 e - a scroll of vulnerability {unknown}
 g - a scroll of immolation {unknown}
Potions
 a - 2 potions of magic


   Skills:
 + Level 0.7 Fighting
 + Level 0.3 Axes
 + Level 2.2 Dodging
 + Level 3.9 Stealth
 + Level 1.1 Unarmed Combat
 + Level 2.1 Spellcasting
 + Level 1.1 Conjurations
 + Level 3.9 Alchemy


You had one spell level left.
You knew the following spells:

 Your Spells              Type           Power      Damage    Failure   Level
a - Sting                 Conj/Alch      40%        1d5       7%          1
b - Mercury Vapours       Alch/Air       16%        N/A       13%         2
c - Mephitic Cloud        Conj/Alch/Air  7%         N/A       28%         3

Your spell library contained the following spells:

 Spells                   Type           Power      Damage    Failure   Level
 Olgreb's Toxic Radiance  Alch           15%        N/A       36%         4
 Sticky Flame             Fire/Alch      8%         2d4       63%         4
 Animate Dead             Necr           1%         N/A       88%         4
 Borgnjor's Vile Clutch   Necr/Erth      0%         N/A       99%         5
 Death Channel            Necr           0%         N/A       100%        6


Dungeon Overview and Level Annotations

Branches:
Dungeon (2/15)

Altars:
Gozag


Innate Abilities, Weirdness & Mutations

You cannot wear most types of armour.
You are amphibious.
You can wear up to eight rings at the same time.
Your skin changes colour to match your surroundings (Stealth+).
Your rubbery body absorbs attacks. (AC +1, EV +1)
((You are camouflaged when in or above water. (Stealth+)))
You have tentacles for arms and can constrict up to eight enemies at once.


Message History

4 gnolls come into view.
There are monsters nearby!
Aiming: Sting (safe; 7% risk of failure)
Press: ? - help, Q - select action, (/) - cycle Shift-Dir - straight line, f - gnoll
Aim: a gnoll, wielding a +0 whip (asleep, 100% to hit)
You miscast Sting.
You are very lightly contaminated with residual magic.
Nothing appears to happen.
The gnoll shouts! x2
Aiming: Sting (safe; 7% risk of failure)
Press: ? - help, Q - select action, (/) - cycle Shift-Dir - straight line, f - you
Okay, then.
You hit the gnoll. You grab the gnoll.
The gnoll is moderately wounded.
You constrict the gnoll. The gnoll barely misses you.
The gnoll closely misses you.
You hit the gnoll.
The gnoll is severely wounded.
You constrict the gnoll. The gnoll closely misses you.
You slash the gnoll!
You kill the gnoll!
The gnoll hits you from afar with a +0 spear!
The gnoll hits you from afar with a +0 spear.
Your magical contamination has completely faded away.
You have reached level 4!
The gnoll attacks as it pursues you!
The gnoll hits you from afar with a +0 spear!
* * * LOW HITPOINT WARNING * * *
Okay, then.
It was a potion of curing.
You feel better.
The gnoll hits you from afar with a +0 spear.
* * * LOW HITPOINT WARNING * * *
Okay, then.
Okay, then.
Aiming: Sting (safe; 7% risk of failure)
Press: ? - help, Q - select action, (/) - cycle Shift-Dir - straight line, f - gnoll
Aim: a gnoll, wielding a +0 spear (75% to hit)
The sting misses the gnoll.
The gnoll hits you from afar with a +0 spear!
You die...

#....######.........#.#
#....###....#######.#.#
###......#### #.#.#
#.###### #.#.# #>....#
######.#.#### ###...#
#....#.#.#... #...##
#.##...#.#...
#....#####.######.#...
#####....@..##............
#.......###g.######...)...
#.......# ##.### #.......
#.......# #...########...
#......## ###...# #...
#......# ###)# ####
#......# #......# ########
#......# #.......


You could see a gnoll.

Vanquished Creatures
  An adder (D:2)
  A gnoll (D:2)
  A dart slug (D:1)
  A ball python (D:2)
  3 endoplasms (D:1)
  A giant cockroach (D:2)
  5 goblins
  2 hobgoblins (D:1)
  8 jackals
  A quokka (D:1)
  6 bats (D:1)
  3 frilled lizards (D:1)
  3 kobolds (D:1)
  A rat (D:2)
37 creatures vanquished.

Notes
Turn   | Place    | Note
-------+----------+-------------------------------------------
     0 | D:1      | Minsecho the Octopode Alchemist began the quest for the
                  | Orb.
     0 | D:1      | Reached XP level 1. HP: 11/11 MP: 3/3
    80 | D:1      | Reached XP level 2. HP: 12/17 MP: 5/5
   352 | D:1      | Reached XP level 3. HP: 7/21 MP: 4/6
   869 | D:2      | Found an opulent altar of Gozag.
   917 | D:2      | Reached skill level 1 in Unarmed Combat
  1157 | D:2      | Learned a level 2 spell: Mercury Vapours
  1161 | D:2      | Learned a level 3 spell: Mephitic Cloud
  1236 | D:2      | Reached XP level 4. HP: 10/27 MP: 5/7
  1243 | D:2      | Slain by a gnoll

Illustrated notes

Levels and vault maps discovered:
D:1:      minmay_arrival_radiant_lines, layout_rooms, roderic_nine_men_s_morris,
          corexii_leaking_fountain
D:2:      layout_basic, basic_altar, uniq_jessica

Skill      XL: |  1  2  3 |
---------------+----------+-----
Stealth        | 3 |  3.9
Unarmed Combat | 1 |  1.1
Fighting       | |  0.7
Axes           | |  0.3
Dodging        | |  2.2
Spellcasting   | |  2.1
Conjurations   | |  1.1
Alchemy        | |  3.9

Action                     |  1- 3 |  4- 6 || total
---------------------------+-------+-------++-------
  Melee: Unarmed           |    67 |       ||    67
         Constrict         |    25 |       ||    25
         Tentacles         |    20 |       ||    20
         Punch             |     2 |       ||     2
         War axe           |    20 |       ||    20
   Cast: Sting             |    15 |     1 ||    16
    Use: Potion            |       |     1 ||     1
   Stab: Sleeping          |     8 |       ||     8
         Distracted        |     1 |       ||     1
 Armour: Skin              |    33 |     3 ||    36
  Dodge: Dodged            |    58 |       ||    58
